 Dungeon Crawl Stone Soup version 0.29.1-14-g9c671dbff4 (webtiles) character file.

Game seed: 10510108924300553942

2 Dvallin the Grave Robber (level 1, 13/13 HPs)
             Began as a Barachi Necromancer on Feb 17, 2023.
             Quit the game on level 1 of the Dungeon.
             The game lasted 00:00:39 (229 turns).

Dvallin the Grave Robber (Barachi Necromancer)       Turns: 229, Time: 00:00:40

Health: 13/13      AC:  2    Str:  9    XL:     1   Next: 40%
Magic:  3/3        EV: 12    Int: 15    God:
Gold:   20         SH:  0    Dex: 12    Spells: 3/4 levels left

rFire   . . .      SeeInvis .   (no weapon)
rCold   . . .      Faith    .   (no shield)
rNeg    . . .      Spirit   .   a - +0 robe
rPois   .          Reflect  .   (no helmet)
rElec   .          Harm     .   (no cloak)
rCorr   .          Rampage  .   (no gloves)
Will    .....                   (no boots)
Stlth   ++........              (no amulet)
HPRegen 0.04/turn               (no ring)
MPRegen 0.08/turn               (no ring)

@: slow
A: amphibious, slowness 1, strong legs 1, +LOS
a: Hop


You were on level 1 of the Dungeon.
You visited 1 branch of the dungeon, and saw 1 of its levels.

You collected 20 gold pieces.

Inventory:

Armour
 a - a +0 robe (worn)
 e - a +0 buckler
Scrolls
 d - a scroll of fear {unknown}
Potions
 b - a potion of magic
 c - a potion of flight {unknown}


   Skills:
 - Level 2.1 Dodging
 - Level 1.7 Stealth
 - Level 2.1 Spellcasting
 + Level 3.7 Necromancy


You had 3 spell levels left.
You knew the following spells:

 Your Spells              Type           Power      Damage    Failure   Level
a - Necrotise             Necr           48%        1d6       4%          1

Your spell library contained the following spells:

 Spells                   Type           Power      Damage    Failure   Level
 Vampiric Draining        Necr           12%        2d6       14%         3
 Animate Dead             Necr           12%        N/A       43%         4
 Agony                    Necr           12%        N/A       78%         5


Dungeon Overview and Level Annotations

Branches:
Dungeon (1/15)

Altars:


Innate Abilities, Weirdness & Mutations

You are amphibious.
You cover ground slowly.
You can hop short distances.
You have an extended range of vision and can be seen from far away.


Message History

Found a staircase leading out of the dungeon.
Okay, then.
You open the door.
There is an open door here.
c - a bubbling sapphire potion A ball python comes into view.
Found 2 large rocks.
A quokka comes into view.
The quokka bites you. The quokka barely misses you.
You see here 10 gold pieces.
The quokka writhes in agony.
You kill the quokka!
The dead are hopping!
You can't see any susceptible monsters within range! (Use Z to cast anyway.)
The ball python hisses angrily.
You see here 10 gold pieces.
You now have 10 gold pieces.
A ball python is nearby!
The ball python writhes in agony.
The ball python writhes in agony.
Your quokka skeleton bites the ball python.
The ball python dies!
You are out of magic!
Your quokka skeleton crumbles into dust!
Magic restored.
HP restored.
You see here 2 large rocks.
Found a dagger.
Found a crystal plate armour.
Found a buckler.
You now have 20 gold pieces (gained 10).
You see here a +0 buckler.
d - a scroll labelled XAMIWI SIAGEDD You see here a +0 buckler.
e - a +0 buckler You see here a +0 crystal plate armour.
You see here a +0 dagger.
Autopickup is now off.
Autopickup is now on.
Are you sure you want to abandon this character and quit the game? (Confirm with "yes".)

###.#####..# #.# #..
#.#####..## #.#########
#.. #.........#
#.##......# #..
########...# #.##.####.#
#.. ..........[# #.##.#
#.# ##. #######....#
#....# #.# ##.
#....####.##.# ##.## #..
#.........##.###...#####..
##.......@.......#........
###.#######.###...#####..
#.# ##.####.######.. #..
................. ###
#################


There were no monsters in sight!

Vanquished Creatures
  A quokka (D:1)
1 creature vanquished.

Vanquished Creatures (collateral kills)
  A ball python (D:1)
1 creature vanquished.

Grand Total: 2 creatures vanquished

Notes
Turn   | Place    | Note
-------+----------+-------------------------------------------
     0 | D:1      | Dvallin the Barachi Necromancer began the quest for the
                  | Orb.
     0 | D:1      | Reached XP level 1. HP: 13/13 MP: 3/3
   229 | D:1      | Quit the game

Illustrated notes

Levels and vault maps discovered:
D:1:      dpeg_arrival_houses_and_road, layout_loops_ring

Action                   || total
-------------------------++-------
 Cast: Necrotise         ||     3
Dodge: Dodged            ||     1
